Cogmind - Beta 13 @@@ ROGUE MODE // 2024.04.03 @ 19:52:30 Player: KingStarKing Result: Self-destructed Performance ------------- Evolutions (2) 1000 Regions Visited (3) 600 Robots Destroyed (55) 275 Value Destroyed (1728) 1728 Prototype IDs (1) 20 Alien Tech Used (0) 0 Bonus (309) 309 TOTAL SCORE: 3932 Bonus ------- High Alert Combat Kills 309 Cogmind --------- Core Integrity 114/550 Matter 36/300 Energy 59/160 System Corruption 3% Temperature Warning (328) Movement Core (700) Ox13 Location -8/Materials Parts ------- > --- POWER (1) -------- Light Nuclear Core > --- PROPULSION (4) --- Light Treads Improved Hover Unit > --- UTILITY (4) ------ Large Storage Unit Kinecellerator Transmission Jammer > --- WEAPON (2) ------- Pulse Rifle Gauss Cannon > --- INVENTORY (15) --- Hardlight Generator Pulse Rifle Advanced Beam Cannon Advanced Beam Cannon Flak Cannon Flak Cannon Gauss Cannon Gauss Cannon Gauss Cannon Peak State ------------ > --- POWER ------------ Ion Engine > --- PROPULSION ------- Improved Titanium Leg Improved Titanium Leg Improved Titanium Leg Improved Titanium Leg > --- UTILITY ---------- Heat Sink Small Storage Unit Hardened Medium Armor Plating Hacking Suite > --- WEAPON ----------- Pulse Rifle Assault Cannon > --- INVENTORY -------- Ion Engine Airjet Pulse Rifle Pulse Rifle High-powered Shotgun High-powered Shotgun Light Cannon Flak Cannon [Rating: 33] Favorites ----------- Power Ion Engine Engine Ion Engine Power Core Light Nuclear Core Propulsion Light Treads Treads Light Treads Leg Aluminum Leg Hover Unit Airjet Flight Unit Cesium-ion Thruster Utility Seismic Detector Device Seismic Detector Storage Huge Storage Unit Processor Terrain Scan Processor Hackware Hacking Suite Protection Hardened Medium Armor Plating Weapon Light Assault Rifle Energy Gun Pulse Rifle Ballistic Gun Light Assault Rifle Ballistic Cannon Gauss Cannon Launcher Grenade Launcher Slashing Weapon Scythe Build | -11 -10 -9 -8 ------- Run | Yrd Mat Mat Mat Slots Evolved 4 | . . 2 2 Power . | . . . . Propulsion 2 | . . 2 . Utility 2 | . . . 2 Weapon . | . . . . Parts Attached 86 | 7 10 12 57 Power 7 | 1 1 1 4 Engine 5 | 1 1 1 2 Core 2 | . . . 2 Reactor . | . . . . Propulsion 25 | 2 2 6 15 Treads 4 | 2 . . 2 Leg 13 | . 2 2 9 Wheel . | . . . . Hover 5 | . . 4 1 Flight 3 | . . . 3 Utility 22 | 2 1 2 17 Device 10 | 1 . . 9 Storage 5 | 1 1 1 2 Processor 2 | . . . 2 Hackware 1 | . . . 1 Protection 4 | . . 1 3 Artifact . | . . . . Weapon 32 | 2 6 3 21 Energy Gun 6 | . . . 6 Energy Cannon . | . . . . Ballistic Gun 8 | 2 2 . 4 Ballistic Cannon 12 | . 1 2 9 Launcher 4 | . 3 1 . Special Weapon . | . . . . Impact Weapon . | . . . . Slashing Weapon 2 | . . . 2 Piercing Weapon . | . . . . Special Melee Weapon . | . . . . Unidentified Prototypes . | . . . . Parts Lost 20 | . 1 . 19 Power 3 | . . . 3 Propulsion 8 | . . . 8 Utility 6 | . . . 6 Weapon 3 | . 1 . 2 Highest Loss Streak 8 | . 1 . 8 To Critical Strikes 1 | . . . 1 Average Slot Usage (%) 90 | . 100 88 82 Engine 9 | . 14 11 4 Core 1 | . . . 3 Treads 12 | . 26 . 4 Leg 10 | . 1 19 14 Hover 4 | . . 13 4 Flight 1 | . . . 4 Device 12 | . 14 7 12 Storage 11 | . 14 11 8 Hackware 1 | . . . 3 Protection 2 | . . 3 3 Energy Gun 1 | . . . 3 Ballistic Gun 7 | . 14 10 . Ballistic Cannon 7 | . 2 8 10 Launcher 5 | . 11 2 . Naked Turns 5 | . . . 5 Heaviest Build 92 | 11 90 92 49 Greatest Support 80 | 40 40 40 80 Greatest Overweight (x) 5 | . 4 4 5 Average Overweight (x) . | . 1 . . Largest Inventory Capacity 25 | 8 25 25 15 Average Capacity 16 | 7 23 19 10 Most Carried 25 | 5 17 25 15 Average Carried 9 | 3 10 15 8 Final Capacity 25 | 8 25 8 15 Final Carried 17 | 3 17 8 9 Class Distribution -------------------- 94% | Mutant 5% | Scavenger-Mutant Dominant Class ---------------- Mutant | -10/Materials Mutant | -9/Materials Mutant | -8/Materials Resources | -11 -10 -9 -8 ----------- Run | Yrd Mat Mat Mat Matter Collected 1643 | 294 206 35 1108 Remotely . | . . . . Salvage Created 1438 | 121 247 121 949 Parts 93 | 6 22 12 53 Haulers Intercepted . | . . . . Recyclers Shooed 1 | . . . 1 Parts Field Recycled . | . . . . Retrieved Matter . | . . . . Parts Self-Destructed . | . . . . Prevented . | . . . . Kills | -11 -10 -9 -8 ------- Run | Yrd Mat Mat Mat Combat Hostiles Destroyed 41 | . 10 8 23 Melee 5 | . . . 5 Guns 11 | . 5 1 5 Cannons 7 | . 1 . 6 AOE 18 | . 4 7 7 Classes Destroyed 12 | 2 3 1 6 Worker 7 | . 1 . 6 Builder 1 | . . 1 . Tunneler 2 | 2 . . . Recycler 2 | 1 . . 1 Operator 1 | . . . 1 Watcher 1 | . . . 1 Swarmer 7 | . 3 4 . Grunt 25 | . 7 4 14 Brawler 1 | . . . 1 Duelist 1 | . . . 1 Sentry 5 | . . . 5 Hunter 2 | . . . 2 Best Kill Streak 5 | 3 4 5 5 Combat Bots Only 4 | . 3 4 3 Max Kills in Single Turn 3 | 1 2 3 3 Gunslinging . | . . . . Exploded 3 | . 2 3 2 Melee 1 | . . . 1 Uniques/NPCs Destroyed . | . . . . Combat | -11 -10 -9 -8 -------- Run | Yrd Mat Mat Mat Hostile Shots Fired 331 | . 46 28 257 Missed 111 | . 14 10 87 Damage Taken 3423 | . 567 254 2602 Core 611 | . 100 75 436 Absorbed by Shields . | . . . . Core Remaining (%) 80 | 100 60 81 . Volleys Fired 132 | 12 28 11 81 Largest 2 | 2 2 2 2 Hottest 126 | 40 65 40 126 Shots Fired 222 | 24 48 13 137 Gun 98 | 24 22 4 48 Cannon 89 | . 14 1 74 Launcher 35 | . 12 8 15 Special . | . . . . Kinetic 153 | 24 36 5 88 Thermal 34 | . . . 34 Explosive 35 | . 12 8 15 Electromagnetic . | . . . . Robot Hit Streak 7 | 4 6 2 7 Robot Miss Streak 11 | 2 3 2 11 Penetration Max . | . . . . Secondary Targets 1 | . . . 1 Max Gunslinging Chain 1 | . . . 1 Shots Hit Robots 131 | 12 23 2 94 Core Hits 99 | 6 19 13 61 Critical Kills 1 | . . 1 . Critical Parts Destroyed . | . . . . Critical Strikes 10 | . . 1 9 Burn 1 | . . . 1 Destroy 1 | . . 1 . Blast 6 | . . . 6 Sever 2 | . . . 2 Melee Attacks 41 | . . . 41 Impact . | . . . . Slashing 41 | . . . 41 Piercing . | . . . . Sneak Attacks . | . . . . Combat Hostiles . | . . . . Follow-up Attacks . | . . . . Damage Inflicted 4403 | 88 616 802 2897 Guns 736 | 88 107 7 534 Cannons 1265 | . 84 . 1181 Explosions 1935 | . 411 795 729 Melee 419 | . . . 419 Ramming 48 | . 14 . 34 Kinetic 1710 | 88 191 7 1424 Thermal 434 | . . 143 291 Explosive 1792 | . 411 652 729 Electromagnetic . | . . . . Impact . | . . . . Slashing 419 | . . . 419 Piercing . | . . . . Highest Corruption 3 | . . . 3 Average Corruption 2 | . . . 2 Corruption Purged . | . . . . Corruption Blocked . | . . . . Effects 25 | . . . 25 Message Errors 6 | . . . 6 Matter Fused 4 | . . . 4 Heat Flow Errors 2 | . . . 2 Energy Discharges 5 | . . . 5 Parts Fused 1 | . . . 1 Data Loss (minor) 3 | . . . 3 Data Loss (major) 1 | . . . 1 Alerts 3 | . . . 3 Overload Shots . | . . . . Overflow Damage 57 | . 15 35 7 Projectiles 7 | . . . 7 Explosions 50 | . 15 35 . Melee . | . . . . Knockbacks 13 | . . . 13 Impact . | . . . . Kinetic 12 | . . . 12 Secondary 1 | . . . 1 Self-Inflicted Damage 316 | . 200 52 64 Shots 9 | . 4 3 2 Rammed 4 | . 2 . 2 Targets Rammed 10 | . 2 1 7 Kicked 6 | . . 1 5 Crushed . | . . . . Highest Temperature 328 | . 36 76 328 Average Temperature 52 | . 16 29 63 Received Heat Transfer 1065 | . 111 132 822 Siege Activations . | . . . . Robots Corrupted . | . . . . Combat Hostiles . | . . . . Parts Fried . | . . . . Impact Corruptions . | . . . . Robots Melted . | . . . . Combat Hostiles . | . . . . Parts Melted 1 | . . 1 . Heat Transferred 853 | . . 150 703 Parts Sabotaged . | . . . . Parts Stolen . | . . . . Parts Stripped . | . . . . Power Chain Reactions . | . . . . Alert | -11 -10 -9 -8 ------- Run | Yrd Mat Mat Mat Peak Influence 859 | 15 239 429 859 Initial 193 | . 9 20 193 Average 339 | 4 53 73 665 Maximum Alert Level 3 | . 1 2 3 Low Security (%) 50 | 100 94 88 . Level 1 4 | . 5 11 2 Level 2 18 | . . . 39 Level 3 26 | . . . 57 Level 4 . | . . . . Level 5 . | . . . . High Security . | . . . . Max Security . | . . . . Squads Dispatched 11 | . 2 1 8 Investigation 4 | . 1 1 2 Extermination . | . . . . Reinforcement 4 | . 1 . 3 Assault . | . . . . Garrison 3 | . . . 3 Intercept . | . . . . Searches Triggered . | . . . . Construction Impeded . | . . . . Haulers Reinforced . | . . . . Active Scanning Responses . | . . . . Cargo Convoy Interrupts . | . . . . Stealth | -11 -10 -9 -8 --------- Run | Yrd Mat Mat Mat Distress Signals 5 | . 1 1 3 Communications Jammed 26 | . . . 26 Distress Signals 26 | . . . 26 Times Spotted 91 | . 18 19 54 Peak Tracking Total 10 | . 4 7 10 Tactical Retreats 9 | . . 3 6 Traps | -11 -10 -9 -8 ------- Run | Yrd Mat Mat Mat Traps Triggered 2 | . 2 . . Indirectly . | . . . . Trap Hack Attempts . | . . . . Triggered . | . . . . Disarmed . | . . . . Reprogrammed . | . . . . Reused . | . . . . Traps Extracted . | . . . . Installed . | . . . . Triggered . | . . . . Machines | -11 -10 -9 -8 ---------- Run | Yrd Mat Mat Mat Machines Disabled 10 | . 3 2 5 Max in Single Turn 3 | . 3 2 1 Machines Repaired . | . . . . Machines Dismantled . | . . . . Machines Sabotaged . | . . . . Overloaded Fab Kills . | . . . . Hacking | -11 -10 -9 -8 --------- Run | Yrd Mat Mat Mat Machines Accessed 8 | . 1 2 5 Terminals 7 | . 1 2 4 Fabricators . | . . . . Repair Stations . | . . . . Recycling Units . | . . . . Scanalyzers 1 | . . . 1 Garrison Access . | . . . . Total Hacks 24 | . 1 9 14 Successful 21 | . 1 7 13 Failed 3 | . . 2 1 Catastrophic . | . . . . Database Lockouts . | . . . . Manual . | . . . . Terminals 21 | . 1 9 11 Fabricators . | . . . . Repair Stations . | . . . . Recycling Units . | . . . . Scanalyzers 3 | . . . 3 Garrison Access . | . . . . Terminal Hacks 18 | . 1 7 10 Record 15 | . 1 6 8 Alert Level 2 | . . 1 1 Recall Investigation 1 | . . . 1 Fabricator Hacks . | . . . . Repair Station Hacks . | . . . . Recycling Unit Hacks . | . . . . Scanalyzer 3 | . . . 3 Insert Component 1 | . . . 1 Analyze 2 | . . . 2 Garrison Access Hacks . | . . . . Unauthorized Hacks . | . . . . Terminals . | . . . . Fabricators . | . . . . Repair Stations . | . . . . Recycling Units . | . . . . Scanalyzers . | . . . . Garrison Access . | . . . . Data Cores Recovered . | . . . . Used . | . . . . Hacking Detections 7 | . . 2 5 Full Trace Events 4 | . . 1 3 Feedback Events . | . . . . Feedback Blocked . | . . . . Robot Schematics Acquired . | . . . . Robots Built . | . . . . Authchips . | . . . . Time . | . . . . Total Robot Build Rating . | . . . . Part Schematics Acquired 1 | . . . 1 Parts Built . | . . . . Authchips . | . . . . Time . | . . . . Total Part Build Rating . | . . . . Parts Repaired . | . . . . Time . | . . . . Parts Recycled . | . . . . Recycled Matter . | . . . . Retrieved Matter . | . . . . Retrieved Components . | . . . . Parts Scanalyzed 1 | . . . 1 Part Schematics Acquired 1 | . . . 1 Parts Damaged . | . . . . Bothacking | -11 -10 -9 -8 ------------ Run | Yrd Mat Mat Mat Used RIF Installer . | . . . . Robots Hacked . | . . . . Non-combat . | . . . . Combat . | . . . . Robot Hacks Applied . | . . . . Relay Couplers Released . | . . . . Fabnet Peak Effective % . | . . . . Robots Rewired . | . . . . Allies Hacked . | . . . . Hacks Repelled . | . . . . Allies | -11 -10 -9 -8 -------- Run | Yrd Mat Mat Mat Total Allies . | . . . . Largest Group . | . . . . Highest-Rated Group . | . . . . Highest-Rated Ally . | . . . . Total Orders . | . . . . Ally Attacks . | . . . . Total Damage . | . . . . Kills . | . . . . Allies Corrupted . | . . . . Allies Melted . | . . . . Intel | -11 -10 -9 -8 ------- Run | Yrd Mat Mat Mat Robot Analysis Total . | . . . . Derelict Logs Recovered . | . . . . Drone Launches . | . . . . Drone Recoveries . | . . . . Exploration | -11 -10 -9 -8 ------------- Run | Yrd Mat Mat Mat Turns Passed 4081 | 125 1486 573 1897 Spaces Moved 2015 | 60 451 383 1121 Core 63 | 16 . . 47 Treads 495 | 44 437 . 14 Legs 616 | . 14 90 512 Wheels . | . . . . Hover 499 | . . 293 206 Flight 342 | . . . 342 Fastest Speed 39 | 50 160 48 39 Average Speed 160 | 130 300 116 120 Slowest Speed 400 | 160 400 400 320 Overloaded Moves . | . . . . Propulsion Burnouts . | . . . . Robots Hopped . | . . . . Cave-ins Triggered . | . . . . Exploration Rate (%) 47 | 5 73 42 68 Regions Visited 3 Branch Regions . Pre-discovered Areas . | . . . . Known Exits Taken . | . . . . Unknown Exits Taken 3 | 1 1 1 . Scrap Searched . | . . . . Spaces Dug 66 | . 6 27 33 Terrain Destroyed 254 | . 75 79 100 Melee 23 | . . . 23 Projectile 20 | . . . 20 AOE 211 | . 75 79 57 Terrain Rammed . | . . . . Walls Destroyed . | . . . . Machines Disabled . | . . . . Actions | -11 -10 -9 -8 --------- Run | Yrd Mat Mat Mat Total 2593 | 88 533 494 1478 Wait 154 | . 22 64 68 Move 2012 | 59 450 382 1121 Hop . | . . . . Pick Up 114 | 10 18 17 69 Fast Attach . | . . . . Attach 49 | 7 1 3 38 Detach 3 | . . . 3 Swap 37 | . 9 9 19 Drop 41 | . 3 7 31 Fire 132 | 12 28 11 81 Melee 41 | . . . 41 Ram 2 | . . . 2 Kick 6 | . . 1 5 Crush 2 | . 2 . . Escape Stasis . | . . . . Rewire . | . . . . Trap . | . . . . Miscellaneous . | . . . . Route ------- -11/Scrapyard -10/Materials (discovered 3 exits: *Mat x2 / [*Min]) -9/Materials (discovered 2 exits: *Mat x2) -8/Materials History --------- Turn | Location | Event 7 | -11/Scrapyard | Discovered new exit (range 15) 126 | -11/Scrapyard | Entered Materials 315 | -10/Materials | Build established: Mutant 754 | -10/Materials | Discovered new exit (range 14) 983 | -10/Materials | Discovered new exit (range 14) 1530 | -10/Materials | Discovered new exit (range 12) 1612 | -10/Materials | Entered another Materials area 1612 | -9/Materials | Evolved 2 slots: Propulsion x2 2090 | -9/Materials | Discovered new exit (range 8) 2178 | -9/Materials | Discovered new exit (range 16) 2185 | -9/Materials | Entered another Materials area 2185 | -8/Materials | Evolved 2 slots: Utility x2 2284 | -8/Materials | Lost 3 parts (2n1u) 2603 | -8/Materials | Lost 3 parts (1p1n1u) 2966 | -8/Materials | Garrison activated, responded to threat 3003 | -8/Materials | Core integrity fell below 50% 3014 | -8/Materials | Lost 8 parts (1p3n3u1w) 3725 | -8/Materials | Released all parts (9) 4082 | -8/Materials | Self-destructed Last Messages --------------- System corrupted: Energy discharge (-25). Acquired 5 matter. Acquired 4 matter. System corrupted: Component data lost. Kicked U-05 Engineer. MF9GCISO,X>CMN TU 4IM3 OWRE Kicked K-01 Serf. Kicked U-05 Engineer. Acquired Lgt. Nuclear Core. Discarded Lgt. Ion Engine. ALERT: Suspicious intruders detected, dispatching Specialist reinforcements to area. System corrupted: Energy discharge (-27). X-57 Shotgunner knocked back. System corrupted: Heat flow error (+239). X-57 Shotgunner suffers critical hit (Burn). Aluminum Leg destroyed. Lgt. Armor Plating destroyed. Critical hit (Destroy). Titanium Leg destroyed. Map ----- +----------------------------------------------------+ | ?????????????????????????????????????? | | ?????????????????????????????????????? | | ?????????????????????????????????????? | | ?????????????????????????????????????? | | ?????????????????????????????????????? | | ?????????????????????????????????????? | | ??????????????????????????????####???? | | ????????????????#######???????# #???? | | ????????????????# ###+######+##### | | ????????????????# | | ????????????????#] | | ????????????????# | | ????????????????# ##########+## | | ????????????????## ###" # | | ?????????????????# ###" # | | ?????????????????# ## " # | | ?????????????????# ###" # | | ?????????????????# ## " # | | ?????????????????# #?#" # | | ????######+####### #?#" # | | ???# #?#" % # | | ???# ############## | | ???# | | ????? #### ###+################# / | | ??????????# # #????????######## | | ??????????# @# #?????????# | | ??????????# # % #?????????#%" | | ??????????# xx# #?????????# | | ??????????#% + #?????????# " | | ??????????# # %#?????????# | | ??????????# #####+##?????????# " | | ??????????# #???# #??????????# " | | ?????H????# #???# #??????????# " | | ??????????# ##### ##?????????####### | | ??????????# #######+#???????? | | ??????????# ? | | ??????????# #########???????? | | ??????????#########+#######??????????? | | ????????????# #??????????? | | ????????????# #??????????? | | ????????????# #??????????? | | ????????????# ! #??????????? | | ????????????# #??????????? | | ????????????# #??????????? | | ????????????###############??????????? | | | | | | | | | | | +----------------------------------------------------+ Best States ------------- Heat Dissipation 41 Energy Generation 14 Energy Capacity 250 Matter Stores 300 Matter Capacity 300 Sight Range 16 Terrain Scan Density 85 Jamming Range 12 Armor Coverage 225 Evasion (%) 70 Targeting Accuracy 6 Recoil Reduction 2 Kinecelleration 30 Offensive Hacking 10 Item Schematics ----------------- Adv. Beam Cannon | -8/Materials | Scanalyzed Robot Schematics ------------------ None Fabricated ------------ Nothing Alien Tech Used ----------------- None Achievements -------------- Deadly Force GoHome() Remodeling Safety First Total Silence Troublemaker Challenges ------------ None Game ------ Seed CouplerStructuralTrap Manual? 0 Play Time 00:57:12 Cumulative 3.8 hours Start 2024.04.03 @ 18:47:36 End 2024.04.03 @ 19:52:30 Sessions 1 Manual Loads 0 Difficulty Rogue Special Mode None Game No. 5 Rogue 5 Adventurer 0 Explorer 0 Win Type - Total 0 Types 0/0/0/0/0/0/0/0/0 Lore% 6 Gallery% 5 Achievement% 6 Wizard Run 0 Options --------- Layout 0 ASCII 0 Keyboard 0 Movement Numpad Keybinds 0 Fullscreen 1 Font 18/SmallcapsGlow Map View 38x25 Zoom Use 98% Tactical HUD 0 Map Filters NONE Filters NONE Steam 1 RUN: 8253883e-9ff3-42bd-8632-20a6848d0c1a